 Dungeon Crawl Stone Soup version 0.31-a0-165-g3f4f80340b (webtiles) character file.

Game seed: 1168508937394301915

82 qw the Shooter (level 4, 0/28 HPs)
             Began as a Gargoyle Hunter on June 13, 2023.
             Slain by Natasha (5 damage)
             ... on level 2 of the Dungeon.
             The game lasted 00:00:28 (1354 turns).

qw the Shooter (Gargoyle Hunter)                    Turns: 1354, Time: 00:00:29

Health: 0/28       AC:  7    Str: 14    XL:     4   Next: 43%
Magic:  4/4        EV: 11    Int: 10    God:
Gold:   8          SH:  0    Dex: 15    Spells: 3/3 levels left

rFire   . . .        Y - +0 shortbow
rCold   . . .        (shield currently unavailable)
rNeg    + . .        c - +0 leather armour
rPois   inf          (no helmet)
rElec   +            (no cloak)
rCorr   .            f - +0 pair of gloves
SInv    .            (no boots)
Will    .....        (no amulet)
Stlth   ++           (no ring)
HPRegen 0.24/turn    (no ring)
MPRegen 0.09/turn

%: no passive effects
@: no status effects
A: sickness immunity, AC +3, negative energy resistance 1, electricity
resistance, torment resistance 1, petrification resistance
a: no special abilities


You were on level 2 of the Dungeon.
You visited 1 branch of the dungeon, and saw 2 of its levels.

You collected 8 gold pieces.


Innate Abilities, Weirdness & Mutations

You are immune to sickness and miasma.
Your stone body is resilient. (AC +3)
You are immune to poison.
You resist negative energy. (rN+)
You are resistant to electric shocks. (rElec)
You are resistant to unholy torment.
You are immune to petrification.


   Skills:
 - Level 3.0 Fighting
 + Level 5.4 Ranged Weapons
 - Level 1.5 Dodging
 - Level 1.1 Stealth


You had 3 spell levels left.
You didn't know any spells.
Your spell library was empty.

Inventory:

Hand Weapons
 Y - a +0 shortbow (weapon)
Armour
 c - a +0 leather armour (worn)
 f - a +0 pair of gloves (worn)

Dungeon Overview and Level Annotations

Branches:
Dungeon (2/15)

Altars:
The Shining One

Annotations:
D:2 Natasha


Message History

Natasha casts a spell at you.
You feel yourself slow down.
Enter note: You shoot an arrow.
The arrow closely misses Natasha.
You shoot an arrow.
The arrow hits Natasha but does no damage.
You shoot an arrow. The arrow hits Natasha.
Natasha is lightly wounded.
Natasha claws you.
Natasha mumbles some strange words.
Natasha's front paws start to glow.
Natasha casts a spell at you. The magic dart hits you.
You shoot an arrow. The arrow closely misses Natasha.
Natasha stares at you and mumbles some strange words.
The magic dart hits you.
You shoot an arrow.
The arrow hits Natasha but does no damage.
Natasha is lightly wounded.
Natasha claws you. Natasha claws you but does no damage.
You shoot an arrow. The arrow hits Natasha.
Natasha is heavily wounded.
Natasha claws you. Natasha claws you!
You shoot an arrow. The arrow closely misses Natasha.
Natasha claws you but does no damage.
You shoot an arrow. The arrow closely misses Natasha.
Natasha closely misses you.
Natasha mumbles some strange words.
You shoot an arrow. The arrow hits Natasha.
Natasha is severely wounded.
Natasha drinks a potion.
Natasha is healed!
The cerulean imp hits you from afar with a +0 spear.
Natasha closely misses you.
You shoot an arrow.
The arrow hits Natasha but does no damage.
Natasha is moderately wounded.
You feel yourself speed up.
The cerulean imp hits you from afar with a +0 spear.
Natasha claws you.
You die...

.#...####..##.#
####...###.##.#
#..###..%..##.#
#....##.#####.####
..8..#..# #....#
....##.## ####.#
.#..#..# #.#
.####.## #.#
...#..# #@#
##...##
.....5h......#
###.#
###.########.# #.#
..# #.## .. #.# ..


You could see Natasha and a cerulean imp (summoned).

Vanquished Creatures
  Natasha (D:2)
  2 adders (D:2)
  2 dart slugs (D:1)
  A ball python (D:2)
  3 endoplasms (D:1)
  4 giant cockroaches
  3 goblins (D:1)
  3 hobgoblins
  2 quokkas
  4 bats (D:1)
  A frilled lizard (D:1)
  4 kobolds
  4 rats
34 creatures vanquished.

Notes
Turn   | Place    | Note
-------+----------+-------------------------------------------
     0 | D:1      | qw the Gargoyle Hunter began the quest for the Orb.
     0 | D:1      | Reached XP level 1. HP: 12/12 MP: 1/1
     0 | D:1      | 0 ||| qw: Version: 0.2-a-29-gc1b59c4
     0 | D:1      | 0 ||| qw: Game counter: 4713
     0 | D:1      | 0 ||| qw: Always use a shield: true
     0 | D:1      | 0 ||| qw: God list: Okawaru
     0 | D:1      | 0 ||| qw: Allow faded altars: false
     0 | D:1      | 0 ||| qw: Do Orc after D:15 true
     0 | D:1      | 0 ||| qw: Do second Lair branch before Depths: true
     0 | D:1      | 0 ||| qw: Lair rune preference: random
     0 | D:1      | 0 ||| qw: Plans: Normal, Zot:1-4, Slime:5, God:TSO, Crypt,
                  | Tomb, Abyss, Pan, Hells, Win
     0 | D:1      | 0 ||| PLANNING D:1-11
    93 | D:1      | Found a faded altar of an unknown god.
   105 | D:1      | Reached XP level 2. HP: 17/17 MP: 2/2
   576 | D:1      | Reached XP level 3. HP: 21/21 MP: 3/3
   765 | D:1      | Reached skill level 5 in Ranged Weapons
   920 | D:1      | 920 ||| UPGRADING to +0 pair of gloves.
   925 | D:1      | 925 ||| READING scroll labelled MAMUJA ETTAU.
   926 | D:1      | 926 ||| READING scroll labelled WUZUDGH BYCASA.
   927 | D:1      | 927 ||| READING scroll labelled SEABYP ESTIM.
   928 | D:1      | 928 ||| READING scroll labelled OBINAM ADDALIA.
  1029 | D:1      | 1029 ||| DROPPING scroll of butterflies.
  1147 | D:2      | Reached skill level 3 in Fighting
  1171 | D:2      | Found a glowing golden altar of the Shining One.
  1279 | D:2      | Reached XP level 4. HP: 28/28 MP: 4/4
  1317 | D:2      | Noticed Natasha
  1323 | D:2      | Killed Natasha
  1344 | D:2      | Noticed Natasha
  1350 | D:2      | HP: 7/28 [Natasha (7)]
  1354 | D:2      | Slain by Natasha

Levels and vault maps discovered:
D:1:      dpeg_arrival_rooms_a, layout_loops_corners,
          ebering_ecumenical_altar_petrified, st_stairs_3
D:2:      minmay_skewed_foursquare, layout_loops_ring, basic_altar,
          chequers_serial_rivers_room_b, minmay_divided_ellipse, uniq_terence,
          uniq_natasha

Skill      XL: |  1  2  3 |
---------------+----------+-----
Ranged Weapons | 5 |  5.4
Fighting       | 3 |  3.0
Dodging        | |  1.5
Stealth        | |  1.1

Action                     |  1- 3 |  4- 6 || total
---------------------------+-------+-------++-------
   Fire: Shortbow          |   102 |    16 ||   118
    Use: Scroll            |     4 |       ||     4
 Armour: Leather armour    |    22 |     2 ||    24
  Dodge: Dodged            |    38 |     6 ||    44

Table legend:
 A = Non-vault XP
 B = Vault XP
 C = Vault XP percentage of total XP
 D = Non-vault monster count
 E = Vault monster count
 F = Vault count percentage of total count
                 A         B        C        D         E       F
            +---------+---------+-------+---------+---------+-------
      Total |      78 |      40 |  33.9 |      31 |       3 |   8.8
            +---------+---------+-------+---------+---------+-------
        D:1 |      36 |       4 |  10.0 |      20 |       2 |   9.1
        D:2 |      42 |      36 |  46.2 |      11 |       1 |   8.3
            +---------+---------+-------+---------+---------+-------
